 Dungeon Crawl Stone Soup version 0.28-a0-1199-gef9e1dbd39 (webtiles) character file.

Game seed: 7669110197604984358

975 SensoryNuts the Slasher (level 7, 0/54 HPs)
             Began as a Demonspawn Fighter on Dec 19, 2021.
             Slain by Prince Ribbit (4 damage)
             ... on level 5 of the Dungeon.
             The game lasted 00:10:31 (8259 turns).

SensoryNuts the Slasher (Demonspawn Fighter)        Turns: 8259, Time: 00:10:31

Health: 0/54       AC:  9    Str: 18    XL:     7   Next: 95%
Magic:  7/7        EV: 14    Int: 12    God:
Gold:   1565       SH:  8    Dex: 12    Spells: 6/6 levels left

rFire   . . .      SeeInvis .   a - +1 long sword
rCold   . . .      Faith    .   c - +0 buckler
rNeg    . . .      Spirit   .   b - +0 scale mail
rPois   .          Reflect  .   (no helmet)
rElec   .          Harm     .   (no cloak)
rCorr   .          Rampage  .   (no gloves)
Will    .....                   (no boots)
Stlth   ..........              (no amulet)
HPRegen 0.18/turn               (no ring)
MPRegen 0.10/turn               (no ring)

@: agile
A: claws 1, thin metallic scales 1, powered by pain 1, condensation shield,
clever 1
a: no special abilities


You were on level 5 of the Dungeon.
You visited 1 branch of the dungeon, and saw 6 of its levels.

You collected 1565 gold pieces.

Inventory:

Hand Weapons
 a - a +1 long sword (weapon)
Armour
 b - a +0 scale mail (worn)
 c - a +0 buckler (worn)
Jewellery
 d - a ring of protection from fire
Scrolls
 f - a scroll of amnesia
 g - 2 scrolls of noise
 j - a scroll of teleportation
 k - 2 scrolls of vulnerability
 l - a scroll of holy word
Potions
 e - a potion of flight


   Skills:
 + Level 4.1 Fighting
 * Level 6.4 Long Blades
 + Level 4.8 Armour
 + Level 1.3 Dodging
 + Level 0.6 Stealth
 + Level 3.3 Shields


You had 6 spell levels left.
You didn't know any spells.
Your spell library contained the following spells:

 Spells                   Type           Power      Damage    Failure   Level
 Beastly Appendage        Tmut           0%         N/A       71%         1
 Foxfire                  Conj/Fire      0%         2x1d4     71%         1
 Wereblood                Tmut           0%         N/A       85%         2
 Conjure Flame            Conj/Fire      0%         6-21      97%         3
 Inner Flame              Hex/Fire       0%         N/A       97%         3
 Portal Projectile        Hex/Tloc       0%         N/A       97%         3
 Spider Form              Tmut/Pois      0%         N/A       97%         3
 Flame Wave               Conj/Fire      0%         2d4       100%        4
 Blade Hands              Tmut           0%         N/A       100%        5
 Excruciating Wounds      Necr           0%         N/A       100%        5


Dungeon Overview and Level Annotations

Branches:
Dungeon (6/15)             Temple (0/1) D:5

Altars:
Qazlal

Shops:
D:3 :

Annotations:
D:5 Prince Ribbit
D:6 Menkaure


Innate Abilities, Weirdness & Mutations

You have sharp fingernails.
You are partially covered in thin metallic scales. (AC +2)
You sometimes gain a little power by taking damage.
A meltable shield of frost defends you. (SH +4)
Your mind is acute. (Int +2)


Message History

There is a stone staircase leading up here.
The hound barks!
You hear a shout!
Prince Ribbit hits you.
Menkaure calls on the powers of darkness!
Your body is wracked with pain!
You focus on the pain.
You feel agile all of a sudden.
Prince Ribbit convulses!
Prince Ribbit hits you.
You climb upwards.
There is a stone staircase leading down here.
You barely miss Prince Ribbit.
Prince Ribbit is heavily wounded.
Prince Ribbit blinks!
Unknown command.
Prince Ribbit blinks!
You hit Prince Ribbit.
Prince Ribbit is heavily wounded.
Prince Ribbit hits you!
* * * LOW HITPOINT WARNING * * *
You barely miss Prince Ribbit.
Prince Ribbit is heavily wounded.
Prince Ribbit croaks regally.
You block Prince Ribbit's attack. Prince Ribbit barely misses you.
Unknown command.
You slash Prince Ribbit!
Prince Ribbit is almost dead.
Prince Ribbit barely misses you.
You miss Prince Ribbit.
Prince Ribbit is almost dead.
Prince Ribbit closely misses you. Prince Ribbit hits you!
* * * LOW HITPOINT WARNING * * *
Unknown command.
You closely miss Prince Ribbit.
Prince Ribbit is almost dead.
Prince Ribbit lets out a mournful croak.
Prince Ribbit completely misses you.
Unknown command.
You miss Prince Ribbit.
Prince Ribbit is almost dead.
Prince Ribbit hits you.
You die...

#........≈≈≈≈≈≈..(..
##......≈≈####≈≈....
##.....≈## ##≈....
#8#....≈# #≈....
##.....≈# #≈....
#......≈## ##≈....
#......≈≈####≈≈....
#.F.....≈≈≈≈≈≈.....
#.@................
##..##..........##.
#>..#..........#..
#................#
####.....#......##
#....#8#....##
#..##.###.)##
#.##### ##.# #.#
#.####


You could see Prince Ribbit.

Vanquished Creatures
  A water moccasin (D:5)
  A black bear (D:5)
  A necrophage (D:5)
  A centaur (D:5)
  2 phantoms (D:5)
  Blork the orc (D:5)
  A bullfrog skeleton (D:5)
  An orc priest (D:4)
  Jessica (D:3)
  3 orc wizards
  2 hound zombies (D:5)
  A hound skeleton (D:4)
  6 gnolls
  4 adders
  3 ufetubi
  An adder skeleton (D:4)
  An adder zombie (D:5)
  A worm (D:2)
  2 dart slugs
  14 orcs
  4 endoplasms
  2 giant cockroaches
  4 hobgoblins
  4 jackals (D:1)
  5 kobolds
  3 quokkas
  8 ball pythons
  4 bats
  A frilled lizard (D:1)
  4 goblins
  6 rats
93 creatures vanquished.

Vanquished Creatures (others)
  19 fungi (D:5)
19 creatures vanquished.

Grand Total: 112 creatures vanquished

Notes
Turn   | Place    | Note
-------+----------+-------------------------------------------
     0 | D:1      | SensoryNuts the Demonspawn Fighter began the quest for the
                  | Orb.
     0 | D:1      | Reached XP level 1. HP: 18/18 MP: 1/1
   130 | D:1      | Reached skill level 2 in Long Blades
   130 | D:1      | Gained mutation: You are partially covered in thin metallic
                  | scales. (AC +2) [demonic ancestry]
   130 | D:1      | Reached XP level 2. HP: 5/24 MP: 2/2
   662 | D:1      | Found a faded altar of an unknown god.
   668 | D:1      | Reached XP level 3. HP: 29/29 MP: 3/3
  1787 | D:2      | Gained mutation: You sometimes gain a little power by
                  | taking damage. [demonic ancestry]
  1787 | D:2      | Reached XP level 4. HP: 31/35 MP: 4/4
  2291 | D:3      | Found Duasa's Book Shop.
  2882 | D:3      | Noticed Jessica
  2887 | D:3      | Killed Jessica
  2888 | D:3      | Reached skill level 3 in Long Blades
  3357 | D:3      | Gained mutation: A meltable shield of frost defends you.
                  | (SH +4) [demonic ancestry]
  3357 | D:3      | Reached XP level 5. HP: 41/41 MP: 5/5
  3622 | D:4      | Reached skill level 4 in Long Blades
  4106 | D:4      | Found a stormy altar of Qazlal.
  4904 | D:4      | Identified a scroll of acquirement
  4912 | D:4      | Acquired 1297 gold pieces
  4926 | D:5      | Entered Level 5 of the Dungeon
  4956 | D:5      | Reached XP level 6. HP: 40/48 MP: 6/6
  5164 | D:5      | Noticed a water moccasin
  5182 | D:5      | Killed a water moccasin
  5183 | D:5      | Reached skill level 5 in Long Blades
  5183 | D:5      | Reached skill level 1 in Dodging
  5264 | D:5      | Gained mutation: You have sharp fingernails. [demonic
                  | ancestry]
  5264 | D:5      | Reached XP level 7. HP: 28/54 MP: 7/7
  6030 | D:5      | Found a staircase to the Ecumenical Temple.
  6479 | D:5      | Gained mutation: Your mind is acute. (Int +2) [potion of
                  | mutation]
  6776 | D:6      | Noticed Blork the orc
  6794 | D:5      | Reached skill level 6 in Long Blades
  7086 | D:5      | HP: 1/54 [Blork the orc/puff of frost (3)]
  7090 | D:5      | Killed Blork the orc
  8248 | D:6      | Noticed Menkaure
  8248 | D:6      | Noticed Prince Ribbit
  8259 | D:5      | Slain by Prince Ribbit

Illustrated notes

Levels and vault maps discovered:
D:1:      saegor_arrival_fortress, layout_loops_ring,
          hellmonk_ecumenical_altar_pennies_from_heaven,
          hangedman_decor_clover_reticule
D:2:      layout_basic
D:3:      layout_loops_ring, serial_shops, shop, minmay_misc_feat_rugged,
          uniq_jessica
D:4:      layout_layer_cave, grunt_qazlal_clouds
D:5:      layout_loops_ring, minmay_temple_entry_mist, serial_aquarium,
          aquarium_bridge_island_small [aquarium_subvault_small_open,
          aquarium_subvault_balcony, aquarium_subvault_wall,
          aquarium_subvault_bridge, aquarium_subvault_wall],
          aquarium_bridge_square [aquarium_subvault_bridge,
          aquarium_subvault_window, aquarium_subvault_wall,
          aquarium_subvault_balcony], aquarium_window_corner, aquarium_window_2,
          aquarium_window_corner, aquarium_view_2c, kennysheep_pointless_box,
          kennysheep_decorative_pillar
D:6:      layout_gridville, minmay_misc_feat_tower, uniq_menkaure,
          uniq_blork_the_orc, uniq_prince_ribbit1

Skill      XL: |  1  2  3  4  5  6  7 |
---------------+----------------------+-----
Long Blades    | 2 3 4 5 6 |  6.4
Armour         | 3 4 |  4.8
Shields        | 3 |  3.3
Fighting       | 4 |  4.1
Dodging        | 1 |  1.3
Stealth        | |  0.6

Action                   |  1- 3 |  4- 6 |  7- 9 || total
-------------------------+-------+-------+-------++-------
Melee: Long sword        |   110 |   142 |   116 ||   368
  Use: Potion            |     1 |     4 |     3 ||     8
       Scroll            |     3 |     5 |     1 ||     9
Armor: Scale mail        |    60 |    74 |    49 ||   183
Dodge: Dodged            |    58 |    73 |    74 ||   205
Block: Buckler           |    36 |    45 |    83 ||   164

Table legend: (Time is in decaauts)
 A = Elapsed time spent in this place.
 B = Non-inter-level travel time spent in this place.
 C = Inter-level travel time spent in this place.
 D = Time resting spent in this place.
 E = Time spent auto-exploring this place.
 F = Levels seen in this place.
 G = Mean time per level.
                   A        B        C        D        E       F      G
               +--------+--------+--------+--------+--------+-----+--------+
         Total |   8377 |   8060 |    317 |      0 |   6902 |   6 | 1396.2 |
       Dungeon |   8377 |   8060 |    317 |      0 |   6902 |   6 | 1396.2 |
               +--------+--------+--------+--------+--------+-----+--------+

Top non-repeatable levels by time:
     D:5: 3299 daAuts
     D:4: 1601 daAuts
     D:1: 1384 daAuts
     D:3: 1167 daAuts
     D:2: 841 daAuts
     D:6: 84 daAuts
